Map: Orbital Shipyard

Players

Gewürzgurke - Winner!

  • Race: Protoss Protoss
  • League: Grandmaster

wabbajack

  • Race: Terran Terran
  • League: Gold

VOD

Have the link to the VOD?

Description

Time

  • Played on: July 17, 2015, 4:44 p.m.
  • Length: 5:04
Show
View Real Time Build Order
Export as new Build Order

Gewürzgurke Protoss - Winner!

Build Orders:  

Get SALT Encoding   

  12  0:01  Probe  
  13  0:14  Pylon  
  13  0:18  Probe  
  14  0:32  Probe (Chrono Boost)  
  15  0:42  Probe (Chrono Boost)  
  16  0:43  Gateway  
  16  0:47  Gateway  
  16  0:51  Probe  
  17  1:02  Pylon  
  17  1:03  Probe (Chrono Boost)  
  18  1:10  Assimilator  
  18  1:14  Probe (Chrono Boost)  
  19  1:20  Probe  
  20  1:32  Cybernetics Core  
  20  1:35  Zealot  
  20  1:36  Zealot  
  24  2:06  Nexus  
  24  2:11  Adept (Chrono Boost)  
  27  2:22  Adept (Chrono Boost)  
  27  2:24  Warp Gate  
  27  2:29  Pylon  
  29  2:37  Adept (Chrono Boost)  
  29  2:40  Pylon  
  29  2:42  Probe  
  30  2:56  Adept (Chrono Boost)  
  32  2:58  Probe  
  32  3:03  Pylon  
  33  3:12  Robotics Facility  
  33  3:15  Probe  
  32  3:55  Probe x2  
  34  4:07  Mothership Core, Probe  
  37  4:15  Assimilator  
  37  4:19  Probe  
  37  4:22  Gateway  
  37  4:24  Gateway  
  36  4:27  Gateway  
  36  4:28  Probe  
  36  4:30  Gateway  
  37  4:31  Probe  
  36  4:51  Probe  
Show
View Real Time Build Order
Export as new Build Order

wabbajack Terran 

Build Orders: Command Center First (CC) 

Get SALT Encoding   

  12  0:01  SCV  
  13  0:13  SCV  
  14  0:18  Supply Depot  
  14  0:25  SCV  
  15  0:39  SCV  
  16  0:52  SCV  
  17  1:03  Command Center  
  17  1:07  SCV  
  18  1:17  Barracks  
  18  1:19  SCV  
  19  1:32  Supply Depot  
  19  1:38  SCV  
  20  1:50  SCV  
  20  1:52  Barracks  
  21  1:55  Refinery  
  21  2:04  Marine  
  22  2:17  Orbital Command  
  22  2:19  Orbital Command  
  22  2:22  Marine  
  23  2:34  Refinery  
  23  2:43  Barracks, Marine  
  24  2:49  Marine  
  25  2:56  SCV  
  26  2:59  SCV  
  27  3:10  Factory  
  27  3:13  SCV x2  
  27  3:19  Barracks Reactor  
  29  3:25  SCV x2  
  28  3:36  Bunker  
  28  3:46  Marine  
  28  3:48  Marine  
  28  3:53  Bunker  
  26  4:01  Marine  
  26  4:02  Marine  
  24  4:04  Marine  
  24  4:06  Marine  
  18  4:20  Marine x2  
  18  4:22  Marine  
  18  4:23  Marine  
  14  4:44  Marine  
  14  4:45  Marine x3  
Tags
 
Add a new tag
Caveats
  • Supply blocks, unpowered buildings, or Contaminate may cause inaccurate times.
  • Supply counts are checked every 10 seconds.